 Dungeon Crawl Stone Soup version 0.30-a0-1157-g2cc9ac7196 (webtiles) character file.

Game seed: 17664214774567417245

113 thorgi the Slasher (level 4, -3/36 HPs)
             Began as a Demonspawn Reaver on Apr 24, 2023.
             Slain by a killer bee (7 damage)
             ... on level 3 of the Dungeon.
             The game lasted 00:19:49 (2778 turns).

thorgi the Slasher (Demonspawn Reaver)              Turns: 2778, Time: 00:19:50

Health: -3/36      AC:  5    Str: 12    XL:     4   Next: 65%
Magic:  7/7        EV: 11    Int: 14    God:
Gold:   168        SH:  0    Dex: 14    Spells: 6/7 levels left

rFire   . . .        a - +0 falchion
rCold   x . .        (no shield)
rNeg    . . .        b - +0 leather armour
rPois   .            (no helmet)
rElec   .            (no cloak)
rCorr   .            (no gloves)
SInv    .            s - +0 pair of boots
Will    .....        (no amulet)
Stlth   +            (no ring)
HPRegen 0.26/turn    (no ring)
MPRegen 0.10/turn

%: no passive effects
@: confused, lethally poisoned (-3 -> -15), ambrosia-drunk
A: rugged brown scales 1, demonic guardian 1, cold vulnerability 1, noise
suppression
a: no special abilities


You were on level 3 of the Dungeon.
You visited 1 branch of the dungeon, and saw 4 of its levels.

You collected 168 gold pieces.

Inventory:

Hand Weapons
 a - a +0 falchion (weapon)
Missiles
 o - 4 poisoned darts
Armour
 b - a +0 leather armour (worn)
 k - a +0 chain mail
 s - a +0 pair of boots (worn)
 w - a +0 buckler
Wands
 u - a wand of polymorph (5)
Scrolls
 c - 2 scrolls of fear {unknown}
 e - a scroll of amnesia {unknown}
 i - 2 scrolls of enchant armour {unknown}
 j - 2 scrolls of vulnerability {unknown}
 l - 2 scrolls of poison {unknown}
 p - a scroll of teleportation {unknown}
 q - a scroll of fog {unknown}
 r - 2 scrolls of identify {unknown}
 v - a scroll of silence {unknown}
Potions
 d - a potion of mutation
 g - a potion of heal wounds {unknown}
 h - 3 potions of degeneration {unknown}
 m - a potion of brilliance {unknown}
 n - 3 potions of curing {unknown}
 t - a potion of haste {unknown}


   Skills:
 - Level 3.0 Fighting
 - Level 3.4 Long Blades
 + Level 2.2 Armour
 - Level 1.9 Dodging
 - Level 2.1 Spellcasting
 - Level 3.1 Conjurations


You had 6 spell levels left.
You knew the following spells:

 Your Spells              Type           Power      Damage    Failure   Level
a - Kiss of Death         Conj/Necr      20%        2d7       16%         1

Your spell library contained the following spells:

 Spells                   Type           Power      Damage    Failure   Level
 Momentum Strike          Conj/Tloc      10%        3d8       24%         2
 Hailstorm                Conj/Ice       5%         3d4       43%         3


Dungeon Overview and Level Annotations

Branches:
Dungeon (4/15)
 Temple: D:4-7

Altars:
Fedhas
Wu Jian

Annotations:
D:4 Edmund


Innate Abilities, Weirdness & Mutations

You are partially covered in rugged brown scales. (AC +1, +3% HP)
A weak demonic guardian rushes to your aid.
You are vulnerable to cold. (rC-)
You passively dampen the noise of your surroundings.


Message History

The hound is almost dead.
The hound barely misses you. The hound bites you. The hound bites you.
The hound attacks as you move away! The hound bites you.
The hound attacks as you move away! The hound misses you.
The hound barely misses you. The hound barely misses you.
A killer bee comes into view.
The killer bee buzzes angrily.
You hear an angry buzzing noise.
A killer bee comes into view.
The hound barely misses you.
A killer bee comes into view.
The killer bee stings you.
The killer bee stings you but does no damage.
The hound barely misses you.
There is a stone staircase leading up here.
The killer bee buzzes angrily.
The killer bee stings you. The killer bee barely misses you.
The hound bites you. The killer bee completely misses you.
The killer bee closely misses you.
You climb upwards.
There is a stone staircase leading down here.
The hound attacks as you move away! The hound bites you.
The killer bee attacks as you move away!
The killer bee stings you but does no damage.
The killer bee barely misses you. The killer bee stings you.
* * * LOW HITPOINT WARNING * * *
You are lethally poisoned!
The killer bee poisons you! The killer bee misses you.
You see here a +0 club.
You are confused.
You feel invigorated.
* * * LOW HITPOINT WARNING * * *
You feel very sick. The killer bee stings you.
* * * LOW HITPOINT WARNING * * *
A demonic guardian appears!
You are more poisoned.
The killer bee poisons you! The killer bee stings you!
You die...

#..# #.# #.....#...##
#..# #.# #####......#
#..# ##.## #......#
#..# #...# #......#
#..###...### #.#...###
#..#.......####.##.####
#...<...........##.....
####...h...############
###@y.### #.y5# #####


You could see a hound, 2 killer bees and a friendly quasit (summoned).

Vanquished Creatures
  A jelly (D:3)
  An adder (D:2)
  3 worms (D:2)
  A dart slug (D:1)
  3 endoplasms
  2 giant cockroaches
  7 goblins
  7 hobgoblins
  3 jackals (D:1)
  A quokka (D:1)
  4 ball pythons
  7 bats
  3 frilled lizards
  11 kobolds
  10 rats
64 creatures vanquished.

Notes
Turn   | Place    | Note
-------+----------+-------------------------------------------
     0 | D:1      | thorgi the Demonspawn Reaver began the quest for the Orb.
     0 | D:1      | Reached XP level 1. HP: 16/16 MP: 3/3
   137 | D:1      | Gained mutation: A weak demonic guardian rushes to your
                  | aid. [demonic ancestry]
   137 | D:1      | Reached XP level 2. HP: 21/22 MP: 5/5
   737 | D:1      | Reached XP level 3. HP: 28/28 MP: 6/6
  1023 | D:2      | Found an ornate altar of the Wu Jian Council.
  1435 | D:2      | Gained mutation: You are partially covered in rugged brown
                  | scales. (AC +1, +3% HP) [demonic ancestry]
  1435 | D:2      | Reached XP level 4. HP: 26/36 MP: 7/7
  1650 | D:3      | Reached skill level 1 in Armour
  1979 | D:3      | Found a blossoming altar of Fedhas.
  2744 | D:4      | Noticed Edmund
  2751 | D:4      | Gained mutation: You are vulnerable to cold. (rC-) [potion
                  | of mutation]
  2751 | D:4      | Gained mutation: You passively dampen the noise of your
                  | surroundings. [potion of mutation]
  2778 | D:3      | Slain by a killer bee

Illustrated notes

Levels and vault maps discovered:
D:1:      dreamdust_arrival_sigmund_warning, layout_loops_ring
D:2:      layout_basic, basic_altar
D:3:      kennysheep_six_static_rooms, layout_loops_ring, lemuel_crystal_altar
D:4:      layout_loops_cross, uniq_eustachio, uniq_edmund,
          uniq_crazy_yiuf_cottage

Skill      XL: |  1  2  3  4 |
---------------+-------------+-----
Long Blades    | 3 |  3.4
Fighting       | 3 |  3.0
Armour         | 2 |  2.2
Dodging        | |  1.9
Spellcasting   | |  2.1
Conjurations   | |  3.1

Action                     |  1- 3 |  4- 6 || total
---------------------------+-------+-------++-------
  Melee: Falchion          |   163 |    60 ||   223
         Punch             |     2 |     1 ||     3
   Cast: Kiss of Death     |     2 |       ||     2
    Use: Potion            |       |     3 ||     3
 Armour: Leather armour    |    46 |    27 ||    73
  Dodge: Dodged            |    92 |    66 ||   158

Table legend: (Time is in decaauts)
 A = Elapsed time spent in this place.
 B = Non-inter-level travel time spent in this place.
 C = Inter-level travel time spent in this place.
 D = Time resting spent in this place.
 E = Time spent auto-exploring this place.
 F = Levels seen in this place.
 G = Mean time per level.
                   A        B        C        D        E       F      G
               +--------+--------+--------+--------+--------+-----+--------+
         Total |   2811 |   2811 |      0 |    257 |   1663 |   4 |  702.8 |
       Dungeon |   2811 |   2811 |      0 |    257 |   1663 |   4 |  702.8 |
               +--------+--------+--------+--------+--------+-----+--------+

Top non-repeatable levels by time:
     D:3: 1104 daAuts
     D:1: 989 daAuts
     D:2: 666 daAuts
     D:4: 51 daAuts
